 Dungeon Crawl Stone Soup version 0.28.0 (webtiles) character file.

Game seed: 6412172057972029671

28 Jerry the Shield-Bearer (level 2, 0/26 HPs)
             Began as a Demigod Fighter on Feb 9, 2022.
             Slain by a gnoll (2 damage)
             ... on level 1 of the Dungeon.
             The game lasted 00:02:34 (1342 turns).

Jerry the Shield-Bearer (Demigod Fighter)           Turns: 1342, Time: 00:02:34

Health: 0/26       AC:  6    Str: 17    XL:     2   Next: 78%
Magic:  4/4        EV:  9    Int: 10    God:
Gold:   79         SH:  4    Dex: 13    Spells: 1/1 levels left

rFire   . . .      SeeInvis .   a - +0 flail
rCold   . . .      Faith    .   c - +0 buckler
rNeg    . . .      Spirit   .   b - +0 scale mail
rPois   .          Reflect  .   (no helmet)
rElec   .          Harm     .   (no cloak)
rCorr   .          Rampage  .   (no gloves)
Will    .....                   (no boots)
Stlth   ..........              (no amulet)
HPRegen 0.08/turn               (no ring)
MPRegen 0.09/turn               (no ring)

@: no status effects
A: high MP 1, forlorn, divine attributes
a: no special abilities


You were on level 1 of the Dungeon.
You visited 1 branch of the dungeon, and saw 2 of its levels.

You collected 79 gold pieces.

Inventory:

Hand Weapons
 a - a +0 flail (weapon)
Armour
 b - a +0 scale mail (worn)
 c - a +0 buckler (worn)
Scrolls
 f - a scroll of fog {unknown}
 h - a scroll of vulnerability {unknown}
 k - a scroll of fear {unknown}
 l - a scroll of holy word {unknown}
Potions
 d - a potion of might
 e - a potion of curing {unknown}
 g - a potion of berserk rage {unknown}
 i - 3 potions of invisibility {unknown}
 j - a potion of ambrosia {unknown}
 m - a potion of heal wounds {unknown}


   Skills:
 + Level 3.0 Fighting
 + Level 2.2 Maces & Flails
 + Level 3.0 Armour
 + Level 3.0 Shields


You had one spell level left.
You didn't know any spells.
Your spell library was empty.

Dungeon Overview and Level Annotations

Branches:
Dungeon (2/15)

Shops:
D:2 :


Innate Abilities, Weirdness & Mutations

You have an increased reservoir of magic. (+10% MP)
You shall have no god before yourself.
Your divine heritage dramatically boosts your attributes as you level up.


Message History

The giant cockroach is severely wounded.
The giant cockroach barely misses you.
The gnoll hits you from afar with a +0 spear.
The giant cockroach bites you but does no damage.
The gnoll hits you but does no damage.
You closely miss the giant cockroach.
The giant cockroach is severely wounded.
You block the giant cockroach's attack. The gnoll hits you but does no damage.
The giant cockroach closely misses you.
You hit the giant cockroach but do no damage.
The giant cockroach is severely wounded.
The gnoll hits you from afar with a +0 spear!
* * * LOW HITPOINT WARNING * * *
The giant cockroach closely misses you.
You barely miss the giant cockroach.
The giant cockroach is severely wounded.
The giant cockroach bites you but does no damage.
The gnoll hits you from afar with a +0 spear.
* * * LOW HITPOINT WARNING * * *
The giant cockroach bites you but does no damage.
The gnoll hits you from afar with a +0 spear.
* * * LOW HITPOINT WARNING * * *
You hit the giant cockroach but do no damage.
The giant cockroach is severely wounded.
The giant cockroach closely misses you. You block the gnoll's attack.
You closely miss the giant cockroach.
The giant cockroach is severely wounded.
You block the giant cockroach's attack. The gnoll closely misses you.
The giant cockroach closely misses you.
You barely miss the giant cockroach.
The giant cockroach is severely wounded.
The gnoll hits you from afar with a +0 spear.
* * * LOW HITPOINT WARNING * * *
The giant cockroach bites you but does no damage.
The gnoll hits you but does no damage.
The giant cockroach bites you but does no damage.
You hit the giant cockroach.
You kill the giant cockroach!
The gnoll hits you from afar with a +0 spear.
You die...

#.....###.#.......###
#....................
###+#.###.##.#..#####
#.#.###.#....##≈≈≈≈ ######
#.#.....####.#≈≈≈≈≈ #....#
#.#.##### #.#≈≈≈≈≈
#....#######.#)########.#≈≈#≈≈
#....+.#.....#.......##.#≈≈≈≈≈
#....#.#.#...@>g.....'..#≈≈○≈≈
#...†#.#.#.###.......##.#°≈≈≈≈
#........#.# #.......##.#≈≈☼≈°
#....#.#.#+###.......##.#≈≈#≈≈
#....#+#.....#.......##.#≈°≈≈≈
#####........#.......##.##≈≈≈≈
#........#.......#...#####
#........###########.#....
#......####### #.#.###


You could see a gnoll.

Vanquished Creatures
  2 dart slugs
  4 bats
  An endoplasm (D:1)
  3 giant cockroaches (D:1)
  2 goblins (D:1)
  2 hobgoblins (D:1)
  A quokka (D:1)
  2 ball pythons (D:1)
  5 frilled lizards
  A kobold (D:1)
  3 rats
26 creatures vanquished.

Notes
Turn   | Place    | Note
-------+----------+-------------------------------------------
     0 | D:1      | Jerry the Demigod Fighter began the quest for the Orb.
     0 | D:1      | Reached XP level 1. HP: 18/18 MP: 3/3
   382 | D:1      | Reached XP level 2. HP: 9/25 MP: 4/4
  1245 | D:2      | Found Fodwuh's Book Boutique.
  1342 | D:1      | Slain by a gnoll

Illustrated notes

Levels and vault maps discovered:
D:1:      saegor_arrival_miasma, layout_basic, shapermc_ecumenical_altar_ellora
D:2:      layout_basic, serial_shops, shop

Skill      XL: |  1  2 |
---------------+-------+-----
Maces & Flails | 2 |  2.2
Shields        | 3 |  3.0
Fighting       | 3 |  3.0
Armour         | 3 |  3.0

Action                   || total
-------------------------++-------
Melee: Flail             ||    93
Armor: Scale mail        ||    61
Dodge: Dodged            ||    51
Block: Buckler           ||    22
